 Dungeon Crawl Stone Soup version 0.30-a0-142-g7370640ec8 (webtiles) character file.

Game seed: 13083695941900556018

5452 qw the Cleaver (level 10, -14/64 HPs)
             Began as a Gargoyle Fighter on Sept 25, 2022.
             Was a Priest of Okawaru.
             Engulfed by an ice statue's freezing vapour (21 damage)
             ... on level 8 of the Dungeon.
             The game lasted 00:03:33 (7531 turns).

qw the Cleaver (Gargoyle Fighter)                   Turns: 7531, Time: 00:03:34

Health: -14/64     AC: 18    Str: 25    XL:     10   Next: 68%
Magic:  11/13      EV: 10    Int:  8    God:    Okawaru [***...]
Gold:   478        SH:  6    Dex:  9    Spells: 9/9 levels left

rFire   . . .      SeeInvis .    Y - +1 war axe
rCold   . . .      Faith    .    c - +0 buckler
rNeg    + + .      Spirit   .    p - +0 chain mail
rPois   inf        Reflect  .    (no helmet)
rElec   +          Harm     .    (no cloak)
rCorr   .          Rampage  .    (no gloves)
Will    .....                    (no boots)
Stlth   ..........               b - amulet of regeneration
HPRegen 1.00/turn                h - ring of positive energy
MPRegen 0.13/turn                (no ring)

@: about to teleport, heroic
A: sickness immunity, AC +7, negative energy resistance 1, electricity
resistance, torment resistance 1, petrification resistance
a: Renounce Religion, Heroism


You were on level 8 of the Dungeon.
You worshipped Okawaru.
Okawaru was most pleased with you.
You visited 2 branches of the dungeon, and saw 9 of its levels.

You collected 523 gold pieces.
You spent 45 gold pieces at shops.


Innate Abilities, Weirdness & Mutations

You are immune to sickness and miasma.
Your stone body is resilient. (AC +7)
You are immune to poison.
You resist negative energy. (rN+)
You are resistant to electric shocks. (rElec)
You are resistant to unholy torment.
You are immune to petrification.


   Skills:
 - Level 8.1(13.1) Fighting
 - Level 11.0(16.0) Axes
 - Level 1.5(6.5) Throwing
 - Level 5.0(10.0) Armour
 + Level 1.8(6.8) Dodging
 - Level 5.5(10.5) Shields
 - Level 4.4 Invocations


You had 9 spell levels left.
You didn't know any spells.
Your spell library was empty.

Inventory:

Hand Weapons
 j - a +5 morningstar
 Y - a +1 war axe (weapon)
Missiles
 a - 9 boomerangs (quivered)
Armour
 c - a +0 buckler (worn)
 p - a +0 chain mail (worn)
Jewellery
 b - an amulet of regeneration (around neck)
 h - a ring of positive energy (left hand)
Scrolls
 i - a scroll of enchant armour
 k - a scroll of identify
Potions
 d - a potion of might
 e - a potion of mutation
 g - 2 potions of attraction
 l - a potion of magic
 m - a potion of resistance
 n - a potion of heal wounds
 o - a potion of lignification {unknown}
 q - a potion of flight {unknown}
 s - a potion of brilliance {unknown}

Dungeon Overview and Level Annotations

Branches:
Dungeon (8/15)             Temple (1/1) D:6
   Lair: D:8-11

Altars:
Ashenzari
Cheibriados
Elyvilon
Fedhas
Gozag
Hepliaklqana
Kikubaaqudgha
Makhleb
Okawaru
Qazlal
Ru
Sif Muna
Trog
Uskayaw
Vehumet
Wu Jian
Xom
Yredelemnul
Zin
The Shining One

Shops:
D:3 *   D:6 :


Message History

The ice statue is moderately damaged.
You slash the ice beast! You block the ice beast's attack.
You hit the ice statue.
The ice statue is moderately damaged.
You hit the ice beast. You slash the ice beast!
The ice beast is severely wounded.
You slash the ice statue!
You feel like a meek peon again. You block the ice beast's attack.
The ice statue gestures.
7526 ||| INVOKING Heroism.
You gain the combat prowess of a mighty hero.
You block the ice beast's attack.
You hit the ice beast.
The ice beast is almost dead.
You barely miss the ice statue.
The ice beast hits you but does no damage.
You hit the ice beast but do no damage.
The ice beast is almost dead.
You hit the ice statue but do no damage.
You block the ice beast's attack.
You hit the ice beast.
You kill the ice beast!
The ice beast disappears in a puff of smoke!
You closely miss the ice beast. You hit the ice statue.
The ice statue gestures at you. The bolt of cold hits you!!
The ice beast hits you but does no damage.
You slash the ice statue!
The ice statue is severely damaged.
You closely miss the ice beast. The ice statue gestures at you.
The freezing blast engulfs you!!
7531 ||| READING scroll of teleportation.
As you read the scroll of teleportation, it crumbles to dust.
You feel strangely unstable.
You are engulfed in freezing vapours.
You die...

......# .#..####.##.##.# #.##..
###.#.# .###.####....##.# #.##..
##.#..#.# #.........###.# #.##..
#.###..# ##........###.# #.....
##.#..#.# #.....###.....# ####.#
#..#.### .....##)############..#
##..#..# ....##.00## #......#
.#..#### 8.5##Y.8.=######.###..#
.#..##.## ..##.0@0.##......##..>.
........##"##..000##.............
.###.....###.....##.)......##...#
.# #..?.........##..######.##....
## #..<.............# #.......
###...#####.?#...# ####.##. ###
#...# ##.....# #..(.
......#.#########...# #.##.
.####......(........# #.#


You could see an ice statue and an ice beast (summoned).

Vanquished Creatures
  Joseph (D:7)
  Maggie (D:8)
  A troll (D:5)
  A hornet (D:6)
  Grinder (D:5)
  A wraith (D:8)
  A wyvern (D:8)
  Eustachio (D:6)
  6 yaks (D:8)
  A steam dragon (D:8)
  4 water moccasins
  A sky beast (D:6)
  An ice beast (D:6)
  A black bear (D:6)
  4 centaurs
  A phantom (D:6)
  4 bullfrogs
  2 necrophages (D:5)
  2 scorpions
  5 wights (D:8)
  6 killer bees (D:7)
  2 howler monkeys
  2 jellies
  An orc priest (D:6)
  2 hounds
  A gnoll bouda (D:7)
  2 iguanas (D:5)
  Ijyb (D:3)
  Jessica (D:3)
  3 orc wizards
  Terence (D:2)
  5 gnolls (D:7)
  12 adders
  A shadow imp (D:5)
  2 white imps
  An ufetubus (D:6)
  2 worms
  A dart slug (D:1)
  12 orcs
  5 ball pythons
  8 endoplasms
  2 giant cockroaches
  7 goblins
  4 hobgoblins
  6 jackals (D:2)
  5 quokkas (D:2)
  5 bats
  A frilled lizard (D:1)
  6 kobolds
  3 rats
  A butterfly (D:8)
151 creatures vanquished.

Vanquished Creatures (others)
  2 fungi (D:2)
  2 plants (D:2)
4 creatures vanquished.

Grand Total: 155 creatures vanquished

Notes
Turn   | Place    | Note
-------+----------+-------------------------------------------
     0 | D:1      | qw the Gargoyle Fighter began the quest for the Orb.
     0 | D:1      | Reached XP level 1. HP: 14/14 MP: 1/1
     0 | D:1      | 0 ||| qw: Version: 0.2-a-10-g399e6c4
     0 | D:1      | 0 ||| qw: Game counter: 393
     0 | D:1      | 0 ||| qw: Always use a shield: true
     0 | D:1      | 0 ||| qw: God list: Okawaru
     0 | D:1      | 0 ||| qw: Allow faded altars: false
     0 | D:1      | 0 ||| qw: Do Orc after D:15 true
     0 | D:1      | 0 ||| qw: Do second Lair branch before Depths: true
     0 | D:1      | 0 ||| qw: Lair rune preference: random
     0 | D:1      | 0 ||| qw: Plans: Normal, Zot:1-4, God:TSO, Crypt, Tomb,
                  | Pan, Slime:5, Hells, Abyss, Orb
     0 | D:1      | 0 ||| PLANNING D:1-11
    49 | D:1      | Reached skill level 2 in Axes
   342 | D:1      | Reached XP level 2. HP: 19/19 MP: 2/2
   614 | D:1      | 614 ||| Stepping ~*~*~tactically~*~*~ (hiding).
   615 | D:1      | 615 ||| Stepping ~*~*~tactically~*~*~ (hiding).
   652 | D:1      | 652 ||| DROPPING +2 hand axe of freezing.
   886 | D:1      | 886 ||| DROPPING orb of wrath.
   887 | D:1      | 887 ||| READING scroll labelled ADONGI EXINO.
   888 | D:1      | 888 ||| READING scroll labelled AKEMUO LAWO.
   891 | D:1      | 891 ||| READING scroll labelled ENADAR WALESH.
   892 | D:1      | 892 ||| READING scroll labelled DISAKY ROOD.
   893 | D:1      | 893 ||| READING scroll labelled GEMUNE WOSUT.
   922 | D:2      | Reached skill level 3 in Axes
   972 | D:2      | Reached XP level 3. HP: 21/23 MP: 3/3
  1158 | D:2      | Noticed Terence
  1159 | D:2      | 1159 ||| Stepping ~*~*~tactically~*~*~ (stealth).
  1189 | D:2      | Killed Terence
  1190 | D:2      | Reached XP level 4. HP: 28/28 MP: 4/4
  1207 | D:2      | 1207 ||| Stepping ~*~*~tactically~*~*~ (stealth).
  1218 | D:2      | Reached skill level 4 in Axes
  1573 | D:2      | Found a faded altar of an unknown god.
  1837 | D:2      | 1837 ||| READING scroll labelled MADAONIGAEH.
  1838 | D:2      | 1838 ||| READING scroll labelled ICUKHL MOPTE.
  1951 | D:3      | 1951 ||| STAIRDANCE
  1981 | D:3      | Reached XP level 5. HP: 28/32 MP: 5/5
  1981 | D:3      | 1981 ||| STAIRDANCE
  2050 | D:3      | Noticed Jessica
  2051 | D:3      | 2051 ||| Stepping ~*~*~tactically~*~*~ (hiding).
  2059 | D:3      | Killed Jessica
  2192 | D:3      | Found Metoen's General Store.
  2203 | D:3      | 2203 ||| BUYING +0 flail (45 gold).
  2203 | D:3      | Bought a +0 flail for 45 gold pieces
  2203 | D:3      | 2203 ||| SHOPLISTING +1 plate armour of willpower (455
                  | gold, have 82).
  2203 | D:3      | 2203 ||| DROPPING +0 whip.
  2329 | D:3      | Reached skill level 5 in Axes
  2406 | D:3      | Noticed Ijyb
  2447 | D:3      | Killed Ijyb
  2836 | D:3      | 2836 ||| DRINKING 2 brown potions.
  3140 | D:4      | Reached skill level 1 in Dodging
  3140 | D:4      | Reached XP level 6. HP: 27/38 MP: 6/6
  3503 | D:4      | 3503 ||| UPGRADING to +0 chain mail.
  3513 | D:4      | 3513 ||| DROPPING +0 scale mail.
  3514 | D:4      | 3514 ||| READING scroll labelled VOPROM FYLITS.
  3515 | D:4      | 3515 ||| READING 2 scrolls labelled TIH WUACWE.
  3516 | D:4      | 3516 ||| DRINKING 2 cyan potions.
  3517 | D:4      | 3517 ||| DROPPING scroll of fog.
  3524 | D:5      | Entered Level 5 of the Dungeon
  3542 | D:5      | Reached skill level 6 in Axes
  3587 | D:5      | Noticed Grinder
  3588 | D:5      | 3588 ||| Stepping ~*~*~tactically~*~*~ (stealth).
  3590 | D:5      | 3590 ||| Stepping ~*~*~tactically~*~*~ (stealth).
  3591 | D:5      | 3591 ||| STAIRDANCE
  3700 | D:5      | Paralysed by Grinder for 5 turns
  3705 | D:5      | 3705 ||| Stepping ~*~*~tactically~*~*~ (hiding).
  3710 | D:5      | Noticed a water moccasin
  3712 | D:5      | Reached XP level 7. HP: 43/43 MP: 7/7
  3719 | D:5      | Killed Grinder
  3720 | D:5      | Reached skill level 7 in Axes
  3721 | D:5      | 3721 ||| Stepping ~*~*~tactically~*~*~ (stealth).
  3728 | D:5      | HP: 8/43 [water moccasin (4)]
  3729 | D:5      | 3729 ||| READING 4 scrolls of teleportation.
  3731 | D:5      | HP: 1/43 [water moccasin (7)]
  3734 | D:5      | 3734 ||| READING 3 scrolls of teleportation.
  3749 | D:5      | 3749 ||| READING 2 scrolls of teleportation.
  3757 | D:5      | 3757 ||| FLEEEEING.
  3761 | D:5      | 3761 ||| READING scroll of teleportation.
  3782 | D:5      | HP: 8/44 [shadow imp (1)]
  4054 | D:5      | Reached skill level 1 in Throwing
  4054 | D:5      | Reached XP level 8. HP: 50/50 MP: 8/8
  4063 | D:5      | 4063 ||| Stepping ~*~*~tactically~*~*~ (stealth).
  4080 | D:5      | 4080 ||| DROPPING +0 flail.
  4287 | D:5      | 4287 ||| Stepping ~*~*~tactically~*~*~ (stealth).
  4335 | D:5      | 4335 ||| Stepping ~*~*~tactically~*~*~ (stealth).
  4344 | D:5      | Noticed a troll
  4345 | D:5      | 4345 ||| FLEEEEING.
  4399 | D:5      | HP: 11/50 [troll (3)]
  4400 | D:5      | Killed a troll
  4401 | D:5      | Reached skill level 8 in Axes
  4447 | D:5      | 4447 ||| FLEEEEING.
  4448 | D:5      | 4448 ||| FLEEEEING.
  4449 | D:5      | 4449 ||| FLEEEEING.
  4450 | D:5      | 4450 ||| STAIRDANCE
  4644 | D:4      | 4644 ||| UPGRADING to amulet of regeneration.
  4649 | D:4      | 4649 ||| DRINKING 2 fizzy grey potions.
  4650 | D:4      | 4650 ||| READING 2 scrolls of identify.
  4650 | D:4      | 4650 ||| IDENTIFYING fizzy red potion
  4654 | D:5      | 4654 ||| STAIRDANCE
  4715 | D:5      | Found a blossoming altar of Fedhas.
  4842 | D:5      | 4842 ||| READING 2 scrolls of identify.
  4842 | D:5      | 4842 ||| IDENTIFYING sedimented puce potion
  4843 | D:5      | 4843 ||| DROPPING potion of ambrosia.
  4873 | D:6      | Reached skill level 6 in Fighting
  4940 | D:6      | 4940 ||| Stepping ~*~*~tactically~*~*~ (hiding).
  4941 | D:6      | 4941 ||| Stepping ~*~*~tactically~*~*~ (hiding).
  4971 | D:6      | Reached skill level 9 in Axes
  4971 | D:6      | Reached XP level 9. HP: 47/55 MP: 9/9
  4981 | D:6      | 4981 ||| DROPPING +2 flail of holy wrath.
  4987 | D:6      | Found a staircase to the Ecumenical Temple.
  4988 | D:6      | 4988 ||| PLANNING TEMPLE
  4988 | D:6      | 4988 ||| READING 2 scrolls of identify.
  4988 | D:6      | 4988 ||| IDENTIFYING grey potion
  4989 | D:6      | 4989 ||| DROPPING potion of invisibility.
  4997 | Temple   | Entered the Ecumenical Temple
  5078 | Temple   | 5078 ||| PLANNING OKAWARU WORSHIP
  5184 | Temple   | Became a worshipper of Warmaster Okawaru
  5185 | Temple   | 5185 ||| PLANNING D:1-11
  5292 | D:6      | 5292 ||| Stepping ~*~*~tactically~*~*~ (hiding).
  5504 | D:6      | 5504 ||| Stepping ~*~*~tactically~*~*~ (stealth).
  5505 | D:6      | 5505 ||| Stepping ~*~*~tactically~*~*~ (stealth).
  5507 | D:6      | 5507 ||| Stepping ~*~*~tactically~*~*~ (stealth).
  5617 | D:6      | Found Ifoor's Vocational Training.
  5640 | D:6      | 5640 ||| DROPPING orb of wrath.
  5656 | D:6      | Noticed a hornet
  5677 | D:6      | HP: 3/56 [hornet (13)]
  5678 | D:6      | 5678 ||| DRINKING potion of heal wounds.
  5679 | D:6      | Killed a hornet
  5679 | D:6      | Reached * piety under Okawaru
  5717 | D:6      | Noticed Eustachio
  5718 | D:6      | 5718 ||| INVOKING Heroism.
  5720 | D:6      | 5720 ||| Stepping ~*~*~tactically~*~*~ (stealth).
  5730 | D:6      | 5730 ||| Stepping ~*~*~tactically~*~*~ (stealth).
  5743 | D:6      | Killed Eustachio
  5785 | D:6      | 5785 ||| UPGRADING to ring of positive energy.
  5786 | D:6      | 5786 ||| DROPPING ring of wizardry.
  5787 | D:6      | 5787 ||| READING scroll labelled ERELOA OMAM.
  5788 | D:6      | 5788 ||| READING 2 scrolls of identify.
  5788 | D:6      | 5788 ||| IDENTIFYING fizzy sapphire potion
  5808 | D:7      | 5808 ||| Stepping ~*~*~tactically~*~*~ (stealth).
  5810 | D:7      | 5810 ||| INVOKING Heroism.
  5811 | D:7      | 5811 ||| INVOKING Heroism.
  5815 | D:7      | Reached skill level 1 in Invocations
  5870 | D:7      | Found a broken altar of Ashenzari.
  5885 | D:7      | 5885 ||| INVOKING Heroism.
  5887 | D:7      | 5887 ||| Stepping ~*~*~tactically~*~*~ (stealth).
  5892 | D:7      | Reached skill level 3 in Invocations
  5936 | D:7      | 5936 ||| Stepping ~*~*~tactically~*~*~ (hiding).
  5943 | D:7      | 5943 ||| INVOKING Heroism.
  5986 | D:7      | Noticed Joseph
  5996 | D:7      | 5996 ||| INVOKING Heroism.
  6000 | D:7      | Killed Joseph
  6001 | D:7      | Reached skill level 10 in Axes
  6001 | D:7      | Reached XP level 10. HP: 45/63 MP: 9/13
  6176 | D:7      | Found a burning altar of Makhleb.
  6215 | D:7      | 6215 ||| Stepping ~*~*~tactically~*~*~ (stealth).
  6474 | D:7      | 6474 ||| DRINKING 3 potions of curing.
  6474 | D:7      | 6474 ||| (to cure confusion)
  6690 | D:7      | 6690 ||| READING scroll labelled QYSOEK KUON ISY.
  6691 | D:7      | 6691 ||| READING scroll labelled DYCIKI QINNOR.
  6692 | D:7      | 6692 ||| DRINKING 2 bubbling inky potions.
  6794 | D:8      | Reached ** piety under Okawaru
  6844 | D:8      | 6844 ||| Stepping ~*~*~tactically~*~*~ (hiding).
  6845 | D:8      | 6845 ||| Stepping ~*~*~tactically~*~*~ (hiding).
  6967 | D:8      | Noticed an ice statue
  6968 | D:8      | 6968 ||| Stepping ~*~*~tactically~*~*~ (cloud).
  6971 | D:8      | Noticed Maggie
  6972 | D:8      | 6972 ||| Stepping ~*~*~tactically~*~*~ (hiding).
  6975 | D:8      | 6975 ||| Stepping ~*~*~tactically~*~*~ (hiding).
  6976 | D:8      | 6976 ||| Stepping ~*~*~tactically~*~*~ (hiding).
  6982 | D:8      | 6982 ||| INVOKING Heroism.
  6983 | D:8      | 6983 ||| DRINKING 2 potions of curing.
  6983 | D:8      | 6983 ||| (to cure confusion)
  6984 | D:8      | 6984 ||| DRINKING potion of curing.
  6984 | D:8      | 6984 ||| (to cure confusion)
  6997 | D:8      | Killed Maggie
  7009 | D:8      | 7009 ||| INVOKING Heroism.
  7027 | D:8      | 7027 ||| READING scroll of teleportation.
  7027 | D:8      | HP: 13/64 [ice statue] (15)]
  7028 | D:8      | 7028 ||| DRINKING potion of heal wounds.
  7029 | D:8      | 7029 ||| Stepping randomly (cloudy).
  7035 | D:8      | 7035 ||| INVOKING Heroism.
  7084 | D:8      | 7084 ||| DROPPING +1 flail of protection.
  7109 | D:8      | 7109 ||| Stepping ~*~*~tactically~*~*~ (stealth).
  7110 | D:8      | 7110 ||| Stepping ~*~*~tactically~*~*~ (stealth).
  7111 | D:8      | 7111 ||| Stepping ~*~*~tactically~*~*~ (stealth).
  7112 | D:8      | 7112 ||| Stepping ~*~*~tactically~*~*~ (stealth).
  7113 | D:8      | 7113 ||| Stepping ~*~*~tactically~*~*~ (stealth).
  7118 | D:8      | 7118 ||| INVOKING Heroism.
  7195 | D:8      | Reached skill level 11 in Axes
  7198 | D:8      | Reached *** piety under Okawaru
  7300 | D:8      | 7300 ||| INVOKING Heroism.
  7301 | D:8      | 7301 ||| Stepping ~*~*~tactically~*~*~ (cloud).
  7312 | D:8      | 7312 ||| INVOKING Heroism.
  7343 | D:8      | Noticed an obsidian statue
  7344 | D:8      | 7344 ||| Stepping ~*~*~tactically~*~*~ (hiding).
  7346 | D:8      | 7346 ||| Stepping ~*~*~tactically~*~*~ (hiding).
  7347 | D:8      | 7347 ||| Stepping ~*~*~tactically~*~*~ (hiding).
  7499 | D:8      | 7499 ||| INVOKING Heroism.
  7526 | D:8      | 7526 ||| INVOKING Heroism.
  7530 | D:8      | HP: 7/64 [ice statue/freezing blast (26)]
  7531 | D:8      | 7531 ||| READING scroll of teleportation.
  7531 | D:8      | Engulfed by an ice statue's freezing vapour

Levels and vault maps discovered:
D:1:      nicolae_arrival_washed_ashore, layout_basic
D:2:      layout_rooms, shapermc_ecumenical_altar_mp_urbaneastern, minivault_27,
          uniq_terence
D:3:      layout_rooms, serial_shops, shop, grunt_ministairs_13,
          uniq_crazy_yiuf_cottage, uniq_jessica, uniq_ijyb
D:4:      layout_cave_pools, kennysheep_generic_room_15
D:5:      layout_rooms, mainiacjoe_overflow_alcove_2, uniq_grinder
D:6:      layout_basic, minmay_temple_entry_butterflies,
          nicolae_shop_vocational, uniq_eustachio
D:7:      layout_rooms, evilmike_ruin_ashenzari, bloody_makhleb,
          serial_co_window_serial, co_window_cross_1, co_window_corner_a,
          co_window_paths_b, co_window_paths_a, co_window_of_opportunity_a,
          co_window_paths_a, co_window_corner_a, co_window_paths_b,
          co_window_paths_b, co_window_broadway_c, co_window_corner_b,
          co_window_of_opportunity_c, co_window_broadway_b,
          co_window_unsneaky_path_b, glass_columns_a, uniq_joseph
D:8:      minmay_separated_statues, layout_loops_cross,
          nemelex_spade_bored_becter, minmay_between, uniq_maggie
Temple:   bh_familiar_temple

Skill      XL: |  1  2  3  4  5  6  7  8  9 10 |
---------------+-------------------------------+-----
Axes           | 2 3 4 5 6 7 9 10 11 | 11.0
Fighting       | 4 5 6 7 8 |  8.1
Dodging        | 1 |  1.8
Throwing       | 1 |  1.5
Shields        | 4 5 |  5.5
Armour         | 4 5 |  5.0
Invocations    | 4 |  4.4

Action                   |  1- 3 |  4- 6 |  7- 9 | 10-12 || total
-------------------------+-------+-------+-------+-------++-------
Melee: War axe           |    67 |   159 |   268 |   162 ||   656
Throw: Boomerang         |       |    20 |    44 |    15 ||    79
Invok: Heroism           |       |       |     5 |     8 ||    13
  Use: Scroll            |     5 |     4 |     9 |     4 ||    22
       Potion            |       |     2 |     2 |     5 ||     9
Armor: Scale mail        |    35 |    69 |       |       ||   104
       Chain mail        |       |    30 |   176 |    62 ||   268
Dodge: Dodged            |    37 |    96 |    86 |    49 ||   268
Block: Buckler           |    10 |    23 |    50 |    37 ||   120

Table legend:
 A = Non-vault XP
 B = Vault XP
 C = Vault XP percentage of total XP
 D = Non-vault monster count
 E = Vault monster count
 F = Vault count percentage of total count
                 A         B        C        D         E       F
            +---------+---------+-------+---------+---------+-------
      Total |    6121 |    1668 |  21.4 |     137 |      13 |   8.7
            +---------+---------+-------+---------+---------+-------
        D:1 |      28 |       0 |   0.0 |      16 |       0 |   0.0
        D:2 |     101 |      32 |  24.1 |      30 |       1 |   3.2
        D:3 |      32 |      79 |  71.2 |       6 |       4 |  40.0
        D:4 |      84 |       5 |   5.6 |      10 |       1 |   9.1
        D:5 |    1291 |     286 |  18.1 |      20 |       1 |   4.8
        D:6 |    1241 |     203 |  14.1 |      19 |       1 |   5.0
        D:7 |    1120 |     450 |  28.7 |      22 |       1 |   4.3
        D:8 |    2224 |     613 |  21.6 |      14 |       4 |  22.2
            +---------+---------+-------+---------+---------+-------
